 Dungeon Crawl Stone Soup version 0.21.1-1-g345015f (webtiles) character file.

4075 Dfrag the Destroyer (level 10, -3/75 HPs)
             Began as a Naga Conjurer on Feb 20, 2018.
             Was an Initiate of Gozag.
             Slain by a wyvern (9 damage)
             ... on level 8 of the Dungeon.
             The game lasted 00:12:49 (7244 turns).

Dfrag the Destroyer (Naga Conjurer)                 Turns: 7244, Time: 00:12:50

Health: -3/75      AC: 10    Str: 11    XL:     10   Next: 25%
Magic:  14/23      EV:  8    Int: 19    God:    Gozag
Gold:   512        SH:  4    Dex: 16    Spells: 17/28 levels left

rFire    . . .     SeeInvis +   C - +1 dire flail (crush)
rCold    . . .     Gourm    .   (shield currently unavailable)
rNeg     . . .     Faith    .   y - +0 robe (curse)
rPois    +         Spirit   .   (no helmet)
rElec    .         Reflect  +   (no cloak)
rCorr    .         Harm     .   m - +0 pair of gloves
MR       +....                  x - +1 naga barding of the Hare {Dex+5 Slay+3}
Stlth    ++........             A - +4 amulet of reflection
HPRegen  0.22/turn              (no ring)
MPRegen  0.18/turn              (no ring)

@: very slow
A: large, see invisible, deformed body, poison resistance, slowness 2, slow
metabolism 1, spit poison 1, AC +3
a: Spit Poison, Potion Petition, Call Merchant, Bribe Branch, Renounce Religion


You were on level 8 of the Dungeon.
You worshipped Gozag.
Gozag was pleased with you.
You were not hungry.

You visited 2 branches of the dungeon, and saw 9 of its levels.
You also visited: Ossuary.

You collected 1270 gold pieces.
You spent 709 gold pieces at shops.
You paid 49 gold pieces to Gozag.

Inventory:

Hand Weapons
 j - a +0 whip of electrocution
 C - a +1 dire flail of crushing (weapon)
Armour
 a - a +0 robe
 m - a +0 pair of gloves (worn)
 x - the +1 naga barding of the Hare (worn) {Dex+5 Slay+3}
   (You acquired it on level 6 of the Dungeon)

   It affects your dexterity (+5).
   It affects your accuracy and damage with ranged weapons and melee attacks
   (+3).
 y - a cursed +0 robe (worn)
Jewellery
 r - an uncursed amulet of rage
 A - a +4 amulet of reflection (around neck)
Scrolls
 e - 7 scrolls of remove curse
 k - a scroll of teleportation
 l - 4 scrolls of amnesia
 p - 3 scrolls of enchant armour
 q - a scroll of magic mapping
 s - a scroll of noise
 t - 3 scrolls of enchant weapon
 u - 2 scrolls of immolation
 v - 2 scrolls of fear
 w - 2 scrolls of random uselessness
 z - a scroll of fog {unknown}
 B - a scroll of identify
Potions
 d - a potion of invisibility {unknown}
 f - 3 potions of might
 g - 3 potions of curing
 h - 2 potions of cancellation
 i - a potion of heal wounds {unknown}
 n - 6 potions of degeneration {unknown}
 o - 2 potions of lignification {unknown}
Books
 b - a book of Conjurations

   Spells                             Type                      Level
   a - Magic Dart                     Conjuration                  1
   b - Searing Ray                    Conjuration                  2
   c - Dazzling Spray                 Conjuration/Hexes            3
   d - Fulminant Prism                Conjuration/Hexes            4
   e - Force Lance                    Conjuration/Translocation    4
   f - Iskenderun's Mystic Blast      Conjuration                  4
Comestibles
 c - 11 rations


   Skills:
 - Level 1.5 Dodging
 - Level 3.0 Stealth
 + Level 9.7 Spellcasting
 + Level 11.0 Conjurations


You had 17 spell levels left.
You knew the following spells:

 Your Spells              Type           Power        Failure   Level  Hunger
a - Magic Dart            Conj           ####         1%          1    None
b - Searing Ray           Conj           ######       1%          2    None
c - Iskenderun's Mystic   Conj           ######..     1%          4    ###....
d - Force Lance           Conj/Tloc      ####....     8%          4    ###....


Dungeon Overview and Level Annotations

Branches:
Dungeon (8/15)             Temple (1/1) D:4
   Lair: D:8-11

Altars:
Ashenzari
Dithmenos
Fedhas
Gozag
Kikubaaqudgha
Okawaru
Qazlal
Sif Muna
Trog
Wu Jian
Xom
Yredelemnul
Zin
The Shining One

Shops:
D:4 }   D:5 ?   D:7 =   D:8 }

Annotations:
D:7 danilabisse's ghost, novice FoFi


Innate Abilities, Weirdness & Mutations

You cannot wear boots.
Your serpentine skin is tough. (AC +3)
You have supernaturally acute eyesight. (SInv)
Armour fits poorly on your strangely shaped body.
Your system is resistant to poisons. (rPois)
You cover ground very slowly.
You have a slow metabolism.
You can spit poison.


Message History

Casting: Searing Ray
Confirm with . or Enter, or press ? or * to list all spells.
Aiming: Searing Ray
Press: ? - help, Shift-Dir - straight line, f/p - wyvern
Aim: a wyvern (heavily wounded)
The searing ray hits the wyvern.
The wyvern is severely wounded. (Press . to maintain the ray.)
The wyvern bites you!
* * * LOW HITPOINT WARNING * * *
The wyvern completely misses you.
The searing ray hits the wyvern.
The wyvern is severely wounded.
The wyvern bites you.
* * * LOW HITPOINT WARNING * * *
You feel better. The wyvern bites you!
* * * LOW HITPOINT WARNING * * *
The wyvern bites you!
You die...
Your body crumbles into a pile of gold.

### #########
#.#####.##.#..####
###.....)....##.#..#### ###
#.....###@l..D........#o ..#
####..###.##.#.)..........D
..###...##.############..l...:!
##.[)####### (.#.....# ####.#
.####...#. ### ## .#... # .#
########### # ..........#
######


You could see a wyvern and an acid dragon.

Vanquished Creatures
  A two-headed ogre (D:8)
  A troll (D:7)
  2 wyverns (D:8)
  A water moccasin (D:8)
  An orc warrior (D:8)
  An ice beast (D:8)
  2 sky beasts
  2 phantoms
  2 ogres
  A crocodile (D:8)
  4 elf zombies (Ossuary)
  A big kobold (D:7)
  3 bullfrogs
  A wyvern zombie (D:8)
  6 scorpions
  A howler monkey (D:6)
  A crimson imp (D:5)
  6 hounds
  A human zombie (Ossuary)
  A jelly (D:6)
  A gnoll shaman (D:8)
  2 orc priests (D:8)
  Jessica (D:3)
  Natasha (D:3)
  4 orc wizards
  6 worker ants
  A big kobold zombie (Ossuary)
  A hound zombie (Ossuary)
  2 hound skeletons
  3 mummies (Ossuary)
  2 howler monkey zombies (D:6)
  8 gnolls
  12 adders
  A shadow imp (D:7)
  An ooze (D:3)
  4 adder zombies (Ossuary)
  2 adder skeletons
  5 worms
  3 dart slugs
  5 leopard geckos
  10 orcs
  5 giant cockroaches
  A gnoll zombie (Ossuary)
  5 goblins
  9 hobgoblins
  8 jackals
  A quokka (D:5)
  2 ball pythons
  6 bats
  7 frilled lizards
  5 goblin zombies (Ossuary)
  6 hobgoblin zombies (Ossuary)
  3 jackal zombies (Ossuary)
  6 kobolds
  2 leopard gecko zombies
  5 quokka zombies (Ossuary)
  11 rats
  2 rat zombies (Ossuary)
198 creatures vanquished.

Vanquished Creatures (others)
  13 fungi (D:4)
13 creatures vanquished.

Grand Total: 211 creatures vanquished

Notes
Turn   | Place    | Note
-------+----------+-------------------------------------------
     0 | D:1      | Dfrag the Naga Conjurer began the quest for the Orb.
     0 | D:1      | Reached XP level 1. HP: 15/15 MP: 3/3
   208 | D:1      | Reached XP level 2. HP: 22/22 MP: 0/5
   509 | D:1      | Reached XP level 3. HP: 28/28 MP: 4/6
   779 | D:2      | Learned a level 2 spell: Searing Ray
   957 | D:2      | Found an ornate altar of the Wu Jian Council.
  1288 | D:3      | Reached XP level 4. HP: 36/36 MP: 3/8
  1494 | D:3      | Reached skill level 5 in Conjurations
  1582 | D:3      | Noticed Natasha
  1594 | D:3      | Killed Natasha
  1594 | D:3      | Reached XP level 5. HP: 24/42 MP: 1/10
  1712 | D:3      | Noticed Jessica
  1716 | D:3      | Killed Jessica
  1793 | D:4      | Reached XP level 6. HP: 24/49 MP: 7/12
  1799 | D:4      | Learned a level 4 spell: Iskenderun's Mystic Blast
  1808 | D:4      | Reached skill level 6 in Conjurations
  2034 | D:4      | Reached XP level 7. HP: 49/55 MP: 2/14
  2191 | D:4      | Reached skill level 5 in Spellcasting
  2468 | D:4      | Found a staircase to the Ecumenical Temple.
  2636 | Temple   | Entered the Ecumenical Temple
  2644 | Temple   | Became a worshipper of Gozag Ym Sagoz the Greedy
  2825 | D:4      | Found Fuysodau's Gadget Shoppe.
  2879 | D:5      | Entered Level 5 of the Dungeon
  3133 | D:5      | Reached skill level 7 in Conjurations
  3310 | D:5      | Found Cuprum's Magic Scroll Shop.
  3313 | D:5      | Bought a scroll of identify for 22 gold pieces
  3313 | D:5      | Bought a scroll of teleportation for 33 gold pieces
  3313 | D:5      | Bought a scroll of identify for 22 gold pieces
  3313 | D:5      | Bought a scroll of identify for 22 gold pieces
  3313 | D:5      | Bought a scroll of fear for 38 gold pieces
  3374 | D:5      | Reached XP level 8. HP: 56/62 MP: 10/17
  3659 | D:5      | Found a glowing silver altar of Zin.
  3787 | D:6      | Found a sand-covered staircase.
  3795 | Ossuary  | Entered an ossuary
  4023 | Ossuary  | Reached skill level 8 in Conjurations
  5022 | D:5      | Bought a scroll of acquirement for 572 gold pieces
  5061 | D:6      | Got a steaming naga barding
  5067 | D:6      | Identified the +1 naga barding of the Hare {Dex+5 Slay+3} (You acquired it on level 6 of the Dungeon)
  5079 | D:6      | Reached XP level 9. HP: 53/68 MP: 8/20
  5089 | D:6      | Reached skill level 9 in Conjurations
  5504 | D:7      | Found a deep blue altar of Sif Muna.
  5575 | D:7      | Found Qadijio's Jewellery Shoppe.
  5780 | D:7      | Noticed a troll
  5816 | D:7      | Learned a level 4 spell: Force Lance
  5882 | D:7      | Killed a troll
  6073 | D:7      | Found a bloodstained altar of Trog.
  6103 | D:7      | Found a stormy altar of Qazlal.
  6140 | D:7      | Noticed danilabisse's ghost (novice FoFi)
  6392 | D:8      | Found a blossoming altar of Fedhas.
  6444 | D:8      | Reached skill level 10 in Conjurations
  6492 | D:8      | Found Pafuu's Gadget Emporium.
  6792 | D:8      | Found an ancient bone altar of Kikubaaqudgha.
  6792 | D:8      | Found a shadowy altar of Dithmenos.
  7028 | D:8      | Reached XP level 10. HP: 55/75 MP: 4/23
  7185 | D:8      | Noticed a two-headed ogre
  7196 | D:8      | Killed a two-headed ogre
  7196 | D:8      | Reached skill level 11 in Conjurations
  7244 | D:8      | Slain by a wyvern

Skill      XL: |  1  2  3  4  5  6  7  8  9 10 |
---------------+-------------------------------+-----
Spellcasting   | 3 4 6 7 9 |  9.7
Conjurations   | 5 6 7 8 10 11 | 11.0
Dodging        | |  1.5
Stealth        | |  3.0

Action                   |  1- 3 |  4- 6 |  7- 9 | 10-12 || total
-------------------------+-------+-------+-------+-------++-------
Melee: Unarmed           |     7 |       |       |       ||     7
       Whip              |     6 |    52 |   110 |       ||   168
 Cast: Magic Dart        |    46 |    43 |   102 |     3 ||   194
       Searing Ray       |       |     8 |    77 |     5 ||    90
       Force Lance       |       |       |     2 |       ||     2
 Abil: Spit Poison       |    21 |    20 |     5 |       ||    46
  Use: Potion            |       |     5 |       |     1 ||     6
       Scroll            |       |       |    13 |       ||    13
 Stab: Sleeping          |       |       |     1 |       ||     1
  Eat: Chunk             |     2 |     4 |     1 |       ||     7
       Ration            |       |       |     4 |       ||     4
Armor: Robe              |     3 |    19 |    71 |       ||    93
Dodge: Dodged            |    11 |    30 |    95 |     4 ||   140
